 Dungeon Crawl Stone Soup version 0.28.0-49-g6dfe1f597d (webtiles) character file.

Game seed: 5142261475271057534

21 urbino23 the Skirmisher (level 2, -3/27 HPs)
             Began as a Minotaur Monk on May 18, 2022.
             Slain by Sigmund
             ... wielding a +0 scythe
              (9 damage)
             ... on level 2 of the Dungeon.
             The game lasted 00:01:48 (974 turns).

urbino23 the Skirmisher (Minotaur Monk)              Turns: 974, Time: 00:01:49

Health: -3/27      AC:  2    Str: 15    XL:     2   Next: 62%
Magic:  1/1        EV: 13    Int:  7    God:
Gold:   29         SH:  0    Dex: 12    Spells: 1/1 levels left

rFire   . . .      SeeInvis .   a - +0 mace
rCold   . . .      Faith    .   (no shield)
rNeg    . . .      Spirit   .   b - +0 robe
rPois   .          Reflect  .   (helmet restricted)
rElec   .          Harm     .   (no cloak)
rCorr   .          Rampage  .   (no gloves)
Will    .....                   (no boots)
Stlth   ++........              (no amulet)
HPRegen 0.09/turn               (no ring)
MPRegen 0.07/turn               (no ring)

@: no status effects
A: horns 2, retaliatory headbutt
a: no special abilities


You were on level 2 of the Dungeon.
You visited 1 branch of the dungeon, and saw 2 of its levels.

You collected 29 gold pieces.

Inventory:

Hand Weapons
 a - a +0 mace (weapon)
Missiles
 c - 18 stones (quivered)
 d - 2 javelins
Armour
 b - a +0 robe (worn)
Scrolls
 e - a scroll of enchant armour {unknown}
 f - 3 scrolls of identify {unknown}
 i - a scroll of silence {unknown}
Potions
 g - a potion of curing {unknown}
 h - a potion of ambrosia {unknown}


   Skills:
 + Level 4.1 Fighting
 + Level 4.1 Maces & Flails
 + Level 0.4 Armour
 + Level 3.4 Dodging
 - Level 1.5 Stealth


You had one spell level left.
You didn't know any spells.
Your spell library was empty.

Dungeon Overview and Level Annotations

Branches:
Dungeon (2/15)

Altars:

Annotations:
D:2 Sigmund


Innate Abilities, Weirdness & Mutations

You have a pair of horns on your head.
You reflexively headbutt those who attack you in melee.


Message History

The quokka is almost dead.
The quokka barely misses you. You furiously retaliate!
You headbutt the quokka.
You kill the quokka!
You see here a quokka corpse.
Found a club.
You see here a +0 club.
You open the door.
A hobgoblin comes into view.
There is an open door here.
A hobgoblin comes into view.
Found a faded altar of an unknown god.
The hobgoblin shouts! x2
The hobgoblin moves out of view.
Sigmund the Dreaded comes into view.
He is wielding a +0 scythe and wearing a +0 robe of cold resistance.
The hobgoblin hits you.
You hit the hobgoblin.
The hobgoblin is severely wounded.
The hobgoblin hits you.
Sigmund gestures wildly while chanting.
Sigmund flickers and vanishes!
Deactivating autopickup; reactivate with Ctrl-A.
There is an open door here.
You see here a +0 club.
You closely miss the hobgoblin. You headbutt the hobgoblin.
You kill the hobgoblin!
You sock the hobgoblin!
You kill the hobgoblin!
A magic dart appears from out of thin air!
The magic dart hits you.
Items here: ! ) ? †.
Something hits you.
There is an open door here.
You closely miss something. Your headbutt misses something.
You hear some strange, mumbled words.
A puff of flame appears from out of thin air!
The puff of flame hits you.
You barely miss something. Something hits you.
* * * LOW HITPOINT WARNING * * *
You completely miss something. Something hits you!
You die...

#++# #..###### ######
#........ ###....#
#...≈≈≈.. #......#
#..≈≈8≈≈.
####......###.##########
.........{@!............
..#......######.#.####
#...#..# #.#.#
.........## #†#.#
......#..#######.#.#
.#..#.##...........#
.._..# #..#######.##
....# #..# #.## .# #
...# #..#


There were no monsters in sight!

Vanquished Creatures
  2 ball pythons (D:1)
  An endoplasm (D:2)
  3 giant cockroaches (D:1)
  2 goblins
  2 hobgoblins (D:2)
  A quokka (D:2)
  2 bats (D:2)
  2 frilled lizards (D:1)
  3 kobolds (D:1)
  A rat (D:1)
19 creatures vanquished.

Notes
Turn   | Place    | Note
-------+----------+-------------------------------------------
     0 | D:1      | urbino23 the Minotaur Monk began the quest for the Orb.
     0 | D:1      | Reached XP level 1. HP: 19/19 MP: 0/0
   335 | D:1      | Reached XP level 2. HP: 27/27 MP: 1/1
   959 | D:2      | Found a faded altar of an unknown god.
   960 | D:2      | Noticed Sigmund
   974 | D:2      | Slain by Sigmund

Illustrated notes

Levels and vault maps discovered:
D:1:      dpeg_arrival_snail, layout_basic
D:2:      layout_basic, hellmonk_ecumenical_altar_blasted, dk_noncrumbling_3,
          moated_statue, kennysheep_generic_room_6, uniq_crazy_yiuf_cottage,
          uniq_sigmund

Skill      XL: |  1 |
---------------+----+-----
Fighting       | 4 |  4.1
Maces & Flails | 4 |  4.1
Armour         | |  0.4
Dodging        | |  3.4
Stealth        | |  1.5

Action                   || total
-------------------------++-------
Melee: Mace              ||    41
       Headbutt          ||     4
       Punch             ||     1
 Stab: Sleeping          ||     4
Armor: Robe              ||     6
Dodge: Dodged            ||    25
